 Dungeon Crawl Stone Soup version 0.20.1-1-g8b1a95d (webtiles) character file.

35546 tidbits the Martial Artist (level 13, -41/113 HPs)
             Began as a Demigod Transmuter on Aug 18, 2017.
             Annihilated by an Ice Fiend (43 damage)
             ... in an ice cave on Aug 19, 2017.
             The game lasted 01:49:53 (7069 turns).

tidbits the Martial Artist (Demigod Transmuter)     Turns: 7069, Time: 01:49:54

Health: -41/113    AC: 12    Str: 13    XL:     13   Next: 17%
Magic:  4/26       EV: 20    Int: 29    God:
Gold:   411        SH:  0    Dex: 18    Spells: 3/24 levels left

rFire    . . .     SeeInvis .     - Unarmed
rCold    . . .     Gourm    .   (shield currently unavailable)
rNeg     + . .     Faith    .   B - +0 troll leather armour
rPois    +         Spirit   .   E - +2 helmet
rElec    .         Reflect  .   C - +2 cloak {rPois}
rCorr    .         Harm     .   (gloves currently unavailable)
MR       +++..                  F - +0 pair of boots
Stlth    +.........             R - amulet of regeneration
Regen    1.1/turn               H - ring of protection from magic
MPRegen  0.2/turn               g - ring of Due Proportion {rN+ MR+ AC+1 Int+4 Slay+2}

@: blade hands
A: talons 1, agile 1, high mp 1, wild magic 1
a: End Transformation


You were in an ice cave.
You were not hungry.
You had blades for hands.
You visited 3 branches of the dungeon, and saw 17 of its levels.
You also visited: Ice Cave.

You collected 1340 gold pieces.
You spent 929 gold pieces at shops.

Inventory:

Hand Weapons
 T - a +1 blowgun (melded)
Missiles
 a - 385 arrows
 j - 7 javelins of returning (quivered)
 n - 2 throwing nets {!f}
Armour
 B - a +0 troll leather armour (worn)
 C - a +2 cloak of poison resistance (worn)
   (You took it off Maurice on level 8 of the Dungeon)
 E - a +2 helmet (worn)
 F - a +0 pair of boots (worn)
Jewellery
 g - the ring of Due Proportion (right scythe-like blade) {rN+ MR+ AC+1 Int+4 Slay+2}
   (You found it on level 10 of the Dungeon)

   [ring of protection]

   It affects your AC (+1).
   It affects your intelligence (+4).
   It affects your accuracy and damage with ranged weapons and melee attacks
   (+2).
   It protects you from negative energy.
   It affects your resistance to hostile enchantments.
 H - a ring of protection from magic (left scythe-like blade)
   (You found it on level 1 of the Dungeon)
 K - an uncursed ring of resist corrosion
   (You found it on level 6 of the Dungeon)
 R - an amulet of regeneration (around neck)
   (You found it on level 2 of the Dungeon)
Wands
 d - a wand of digging (5/24)
 v - a wand of polymorph (8/24)
 w - a wand of disintegration (19/24)
 x - a wand of digging (13/24)
 G - a wand of iceblast (8/15)
 N - a wand of lightning (6/15)
 P - a wand of scattershot (2/9)
 W - a wand of confusion (22/48)
 Z - a wand of paralysis (14/24)
Scrolls
 b - 2 scrolls of identify
 c - a scroll of fog {unknown}
 f - 4 scrolls of teleportation
 m - 2 scrolls of amnesia
 p - 2 scrolls of fear
 r - 11 scrolls of remove curse
 t - a scroll of recharging
 A - a scroll of immolation
 U - 4 scrolls of magic mapping
Potions
 k - 2 potions of flight
 l - a potion of invisibility
 o - a potion of cancellation
 q - a potion of lignification
 u - a potion of haste
 z - 4 potions of curing
 D - 7 potions of mutation {!q}
 I - a potion of ambrosia
 J - a potion of agility
 L - 3 potions of resistance
 M - a potion of magic
 Q - a potion of might
 V - 2 potions of brilliance
Books
 S - a book of Geomancy
   (You found it on level 8 of the Dungeon)

   Spells                             Type                      Level
   a - Sandblast                      Earth                        1
   b - Passwall                       Transmutation/Earth          2
   c - Stone Arrow                    Conjuration/Earth            3
   d - Petrify                        Transmutation/Earth          4
   e - Lee's Rapid Deconstruction     Earth                        5
Miscellaneous
 i - a crystal ball of energy
Comestibles
 h - 10 meat rations


   Skills:
 + Level 9.8 Fighting
 - Level 10.9 Dodging
 - Level 11.7 Unarmed Combat
 - Level 6.1 Spellcasting
 - Level 1.6 Necromancy
 - Level 3.8 Translocations
 - Level 9.2 Transmutations


You had 3 spell levels left.
You knew the following spells:

 Your Spells              Type           Power        Failure   Level  Hunger
a - Apportation           Tloc           #####.       26%         1    None
b - Blink                 Tloc           N/A          30%         2    None
e - Beastly Appendage     Tmut           ######       12%         1    None
h - Blade Hands           Tmut           ######....   38%         5    #####..
i - Ice Form              Ice/Tmut       #####...     56%         4    ###....
k - Sticks to Snakes      Tmut           ######..     14%         2    None
n - Animate Skeleton      Necr           N/A          36%         1    None
p - Spider Form           Tmut/Pois      #####.....   34%         3    None
w - Passwall              Tmut/Erth      #####.....   26%         2    None


Dungeon Overview and Level Annotations

Branches:
Dungeon (13/15)            Temple (0/1) D:5             Orc (2/2) D:12
    Elf (2/3) Orc:2
   Lair: D:8-11      Vaults: D:13-14

Shops:
D:8 *   D:12 ?   D:13 [   Orc:2 ?([*   Elf:1 }


Innate Abilities, Weirdness & Mutations

You have an increased reservoir of magic. (+10% MP)
You have sharp toenails.
You are agile. (Dex +2)
Your spells are a little harder to cast, but a little more powerful.


Message History

Aim: an iron troll simulacrum (almost destroyed) Attack!
Your adder bites the iron troll simulacrum but does no damage.
The iron troll simulacrum closely misses something.
The iron troll simulacrum claws something!
Your adder bites the iron troll simulacrum but does no damage.
Your adder bites the iron troll simulacrum but does no damage.
Your adder completely misses the iron troll simulacrum.
Your adder bites the iron troll simulacrum but does no damage. x2
The iron troll simulacrum misses your adder.
The iron troll simulacrum claws your adder.
The iron troll simulacrum freezes your adder!!!
Your adder dies!
Your adder bites the iron troll simulacrum but does no damage. x3
Your adder bites the iron troll simulacrum but does no damage. x3
The iron troll simulacrum misses your adder.
The iron troll simulacrum barely misses your adder.
The iron troll simulacrum claws your adder!!
Your adder dies!
Your adder bites the iron troll simulacrum but does no damage.
Your adder bites the iron troll simulacrum but does no damage. x2
Your adder bites the iron troll simulacrum.
Casting: Sticks to Snakes
Confirm with . or Enter, or press ? or * to list all spells.
You create 3 snakes!
You now have 385 arrows.
Your adder bites the iron troll simulacrum but does no damage. x3
The iron troll simulacrum barely misses your adder.
The iron troll simulacrum claws your adder!
Your adder dies!
Your adder bites the iron troll simulacrum but does no damage.
What are your orders? t - Shout!
Orders for allies: a - Attack new target. p - Attack previous target. r - Retreat! s - Stop attacking. g - Guard the area. f - Follow me.
Anything else - Cancel.
Gang up on whom?
Press: ? - help, Dir - move target cursor, f/p - iron troll simulacrum
Aim: an iron troll simulacrum (almost destroyed) Attack!
Your adder bites the iron troll simulacrum but does no damage. x3
Your adder bites the iron troll simulacrum but does no damage. x2
The iron troll simulacrum bites your adder.
The iron troll simulacrum freezes your adder!!!
Your adder seems to slow down.
Your adder dies!
Your adder bites the iron troll simulacrum but does no damage. x2
Your adder bites the iron troll simulacrum but does no damage.
The iron troll simulacrum completely misses your adder. x2
The iron troll simulacrum misses your adder.
Your adder bites the iron troll simulacrum but does no damage.
Your adder bites the iron troll simulacrum but does no damage. x2
Your adder bites the iron troll simulacrum but does no damage. x2
Your water moccasin bites the iron troll simulacrum but does no damage.
The iron troll simulacrum bites your water moccasin!!
The iron troll simulacrum freezes your water moccasin!!!
Your water moccasin seems to slow down.
Your water moccasin dies!
Your adder bites the iron troll simulacrum but does no damage.
Your adder bites the iron troll simulacrum but does no damage.
Your adder bites the iron troll simulacrum.
The iron troll simulacrum vapourises!
Your adder looks stronger.
You swap places.
As you open the door, it creaks loudly!
There is an open door here.
Casting: Sticks to Snakes
Confirm with . or Enter, or press ? or * to list all spells.
Your hands turn into razor-sharp scythe blades.
Your +1 blowgun melds into your body.
You open the door.
An Ice Fiend comes into view.
Found four items.
Found a runed scale mail, a runed halberd and a runed battleaxe.
There is an open door here.
You hit the Ice Fiend.
The Ice Fiend is lightly wounded.
The Ice Fiend closely misses you. The Ice Fiend claws you!!
The Ice Fiend freezes you!!
* * * LOW HITPOINT WARNING * * *
You slash the Ice Fiend!
The Ice Fiend is moderately wounded.
The Ice Fiend completely misses you. x2
You slice the Ice Fiend!!
The Ice Fiend is heavily wounded.
Your adder withers and dies!
The Ice Fiend gestures at you. The bolt of cold hits you!
* * * LOW HITPOINT WARNING * * *
The bolt of cold hits your adder.
Your adder dies!
You slash the Ice Fiend!
The Ice Fiend is heavily wounded.
Okay, then.
You slash the Ice Fiend! x2
The Ice Fiend is almost dead.
The Ice Fiend claws you!
* * * LOW HITPOINT WARNING * * *
The Ice Fiend freezes you!!!
You die...

.# #.# #.##
#+#+#+#+#.8# ###
+.......#.. ..#
###.8.8.8.#.#####.#
..........#.#?[!#.##
.........SSS#?⌠1@S8#
..........#.#))[#S##
###.8.8.8.#.#####.#
#.'.......#..SS...#
###+#+#+#+#.8######
#.## #.# +.# ###


You could see an Ice Fiend and 2 friendly adders.

Vanquished Creatures
  The ghost of Mesmaeker13 the Tormented, a journeyman DECj of Kikubaaqudgha (Orc:2)
  An ettin (Orc:2)
  6 two-headed ogres
  2 centaur warriors (D:13)
  3 dancing weapons (Elf:1)
  Urug (D:13)
  Nergalle (Orc:1)
  A deep elf knight (Elf:1)
  The ghost of Erac the Firebug, a novice OgFE of Vehumet (D:7)
  2 unseen horrors
  Pikel (D:9)
  A deep elf archer (Elf:1)
  4 deep elf magi (Elf:1)
  3 orc knights (Orc:2)
  A cyclops (Orc:1)
  Maurice (D:8)
  3 ice statues
  2 centaur zombies
  A gargoyle (D:13)
  A kobold demonologist (D:13)
  3 ice devils (IceCv)
  A troll (D:13)
  A merfolk (D:11)
  A slime creature (D:10)
  4 hippogriffs
  2 air elementals (Elf:1)
  A wraith (D:10)
  A wyvern (D:12)
  6 yaks (D:12)
  A steam dragon (D:8)
  3 wargs
  A soldier ant (D:13)
  34 orc warriors
  A slave (D:9)
  2 black bears (D:10)
  An eye of draining (D:13)
  2 sky beasts
  8 ogres
  A phantom (D:12)
  17 centaurs
  A crocodile (D:8)
  A big kobold (D:8)
  5 bullfrogs
  An earth elemental (Elf:1)
  4 scorpions
  5 killer bees (D:9)
  4 wights
  2 howler monkeys
  5 crimson imps
  3 hounds
  2 bullfrog skeletons
  3 jellies
  18 orc wizards
  A gnoll shaman (D:6)
  12 orc priests
  Ijyb (D:4)
  Terence (D:3)
  4 iguanas
  6 worker ants
  A hound skeleton (D:4)
  A worker ant zombie (D:10)
  6 adders
  3 gnolls
  2 shadow imps
  An ooze (D:3)
  An adder zombie (D:10)
  A worm (D:4)
  3 dart slugs
  4 leopard geckos
  62 orcs
  9 bats
  3 giant cockroaches
  5 goblins
  4 hobgoblins
  24 jackals
  3 quokkas
  2 ball pythons
  6 frilled lizards
  10 kobolds
  A rat (D:2)
359 creatures vanquished.

Vanquished Creatures (collateral kills)
  An ogre mage (Orc:1)
  A two-headed ogre (Orc:1)
  A deep elf mage (Elf:1)
  A troll (Orc:2)
  2 slime creatures (D:10)
  Menkaure (D:6)
  An iron troll simulacrum (IceCv)
  An orc warrior (Orc:2)
  4 centaurs (Orc:2)
  An ogre (Orc:2)
  3 jellies
  A hound (D:10)
  A centaur skeleton (D:5)
  An ooze (D:2)
  A worm (D:3)
  A leopard gecko (D:3)
  10 orcs
  2 goblins
  2 kobolds
  2 bats
38 creatures vanquished.

Vanquished Creatures (others)
  A deep elf mage (Elf:1)
  2 slaves (D:9)
  An orc (D:7)
4 creatures vanquished.

Grand Total: 401 creatures vanquished

Notes
Turn   | Place    | Note
-------+----------+-------------------------------------------
     0 | D:1      | tidbits the Demigod Transmuter began the quest for the Orb.
     0 | D:1      | Reached XP level 1. HP: 15/15 MP: 5/5
   204 | D:1      | Reached skill level 3 in Unarmed Combat
   338 | D:2      | HP: 1/15 [worm (10)]
   387 | D:2      | Reached XP level 2. HP: 4/22 MP: 5/7
   391 | D:2      | Learned a level 2 spell: Sticks to Snakes
   630 | D:1      | Reached XP level 3. HP: 13/27 MP: 4/8
   638 | D:1      | Reached skill level 4 in Unarmed Combat
   976 | D:3      | Reached skill level 2 in Spellcasting
   981 | D:3      | Learned a level 3 spell: Spider Form
  1043 | D:3      | Noticed Terence
  1057 | D:3      | Killed Terence
  1057 | D:3      | Reached skill level 2 in Transmutations
  1057 | D:3      | Reached XP level 4. HP: 34/34 MP: 0/9
  1136 | D:4      | Noticed Ijyb
  1148 | D:4      | Killed Ijyb
  1260 | D:4      | Reached skill level 3 in Transmutations
  1278 | D:4      | Reached XP level 5. HP: 34/39 MP: 5/10
  1559 | D:4      | Reached skill level 5 in Unarmed Combat
  1640 | D:5      | Entered Level 5 of the Dungeon
  1691 | D:5      | Reached XP level 6. HP: 46/46 MP: 7/11
  1703 | D:5      | Found a staircase to the Ecumenical Temple.
  1744 | D:4      | Reached skill level 4 in Transmutations
  2108 | D:5      | Found a shimmering altar of Xom.
  2222 | D:6      | Reached skill level 6 in Unarmed Combat
  2276 | D:6      | Reached XP level 7. HP: 51/51 MP: 4/13
  2299 | D:6      | Gained mutation: Your spells are a little harder to cast, but a little more powerful. [potion of mutation]
  2299 | D:6      | Gained mutation: You have sharp toenails. [potion of mutation]
  2299 | D:6      | Gained mutation: You are agile. (Dex +2) [potion of mutation]
  2448 | D:6      | Noticed Menkaure
  2487 | D:6      | Killed Menkaure
  2487 | D:6      | Reached skill level 7 in Unarmed Combat
  2487 | D:6      | Reached skill level 5 in Transmutations
  2609 | D:7      | Found a bloodstained altar of Trog.
  2609 | D:7      | Found a hide-covered altar of Uskayaw.
  2636 | D:7      | Noticed Erac's ghost (novice OgFE)
  2659 | D:7      | Killed Erac's ghost
  2659 | D:7      | Reached skill level 8 in Unarmed Combat
  2659 | D:7      | Reached XP level 8. HP: 45/58 MP: 3/14
  2838 | D:8      | Reached skill level 6 in Transmutations
  2908 | D:8      | Noticed a two-headed ogre
  2941 | D:8      | Killed a two-headed ogre
  2941 | D:8      | Reached skill level 9 in Unarmed Combat
  2993 | D:8      | Reached XP level 9. HP: 56/63 MP: 7/15
  3030 | D:8      | Reached skill level 5 in Fighting
  3030 | D:8      | Reached skill level 11 in Unarmed Combat
  3030 | D:8      | Reached skill level 9 in Transmutations
  3030 | D:8      | Reached XP level 10. HP: 70/83 MP: 7/16
  3037 | D:8      | Learned a level 5 spell: Blade Hands
  3050 | D:8      | Learned a level 2 spell: Passwall
  3309 | D:7      | Learned a level 1 spell: Apportation
  3600 | D:8      | Noticed Maurice
  3611 | D:8      | Killed Maurice
  3611 | D:8      | Reached skill level 3 in Spellcasting
  3699 | D:8      | Found Taluth's General Store.
  3708 | D:8      | Bought 3 scrolls of magic mapping for 115 gold pieces
  3708 | D:8      | Bought 11 arrows for 24 gold pieces
  3793 | D:9      | Noticed Pikel
  3839 | D:9      | Learned a level 1 spell: Animate Skeleton
  3856 | D:10     | Entered Level 10 of the Dungeon
  3899 | D:10     | Got a transparent tin ring
  3901 | D:10     | Identified the ring of Due Proportion {rN+ MR+ AC+1 Int+4 Slay+2} (You found it on level 10 of the Dungeon)
  3910 | D:10     | Reached skill level 1 in Translocations
  3945 | D:10     | Reached skill level 1 in Necromancy
  4019 | D:10     | Reached skill level 2 in Translocations
  4025 | D:10     | Reached skill level 2 in Dodging
  4056 | D:10     | Reached skill level 3 in Dodging
  4070 | D:9      | Killed Pikel
  4095 | D:9      | Reached skill level 4 in Dodging
  4280 | D:9      | Reached skill level 5 in Dodging
  4289 | D:9      | Killed an unseen horror
  4289 | D:9      | Reached XP level 11. HP: 51/89 MP: 4/19
  4304 | D:9      | Reached skill level 6 in Dodging
  4450 | D:10     | Reached skill level 6 in Fighting
  4540 | D:10     | Killed an unseen horror
  4540 | D:10     | Reached skill level 3 in Translocations
  4789 | D:12     | You fall through a shaft!
  4807 | D:13     | Noticed a centaur warrior
  4823 | D:13     | Killed a centaur warrior
  4823 | D:13     | Reached skill level 7 in Fighting
  4842 | D:13     | Got a jewelled rapier
  4856 | D:13     | Noticed a centaur warrior
  4865 | D:13     | Killed a centaur warrior
  4933 | D:13     | Noticed a vault guard
  4982 | D:13     | Noticed a deep elf archer
  4983 | D:13     | Noticed a vault guard
  5010 | D:13     | Found Deecel's Armour Emporium.
  5017 | D:13     | Reached skill level 8 in Fighting
  5026 | D:13     | Bought a +0 pair of boots for 81 gold pieces
  5073 | D:13     | Noticed Urug
  5089 | D:13     | Killed Urug
  5094 | D:13     | Learned a level 2 spell: Blink
  5173 | D:12     | Found Zeypatae's Magic Scroll Boutique.
  5178 | D:12     | Bought a scroll of identify for 26 gold pieces
  5178 | D:12     | Bought a scroll of teleportation for 39 gold pieces
  5178 | D:12     | Bought a scroll of identify for 26 gold pieces
  5178 | D:12     | Bought a scroll of identify for 26 gold pieces
  5210 | D:12     | Reached skill level 4 in Spellcasting
  5245 | D:12     | Found a staircase to the Orcish Mines.
  5314 | Orc:1    | Entered Level 1 of the Orcish Mines
  5319 | Orc:1    | Noticed a two-headed ogre
  5322 | Orc:1    | Noticed a two-headed ogre
  5323 | Orc:1    | Noticed a two-headed ogre
  5324 | Orc:1    | Noticed a two-headed ogre
  5325 | Orc:1    | Noticed a two-headed ogre
  5326 | Orc:1    | Killed a two-headed ogre
  5326 | Orc:1    | Reached skill level 7 in Dodging
  5333 | Orc:1    | Killed a two-headed ogre
  5335 | Orc:1    | Noticed an ogre mage
  5336 | Orc:1    | Killed a two-headed ogre
  5336 | Orc:1    | Reached skill level 8 in Dodging
  5336 | Orc:1    | Reached XP level 12. HP: 81/103 MP: 12/22
  5344 | Orc:1    | Killed an ogre mage
  5344 | Orc:1    | Reached skill level 9 in Dodging
  5377 | Orc:1    | Noticed Nergalle
  5385 | Orc:1    | Killed Nergalle
  5461 | Orc:2    | Entered Level 2 of the Orcish Mines
  5625 | Orc:2    | Noticed an ettin
  5637 | Orc:2    | Reached skill level 10 in Dodging
  5870 | Orc:2    | Killed an ettin
  5968 | Orc:1    | Reached skill level 9 in Fighting
  6105 | Orc:2    | Found a staircase to the Elven Halls.
  6106 | Orc:2    | Reached skill level 5 in Spellcasting
  6176 | Orc:2    | HP: 3/104 [orc warrior/bolt (19)]
  6224 | Orc:2    | HP: 8/104 [centaur/arrow (10)]
  6394 | Orc:2    | Noticed Mesmaeker13's ghost (journeyman DECj)
  6415 | Orc:2    | Killed Mesmaeker13's ghost
  6415 | Orc:2    | Reached skill level 6 in Spellcasting
  6485 | Orc:2    | Found Ohenog's Antique Weapon Boutique.
  6485 | Orc:2    | Found Taceugh's Armour Emporium.
  6487 | Orc:2    | Found Cidghoho's Magic Scroll Shop.
  6489 | Orc:2    | Found Cigeel's Assorted Antiques.
  6512 | Orc:2    | Bought a scroll of identify for 58 gold pieces
  6512 | Orc:2    | Bought a scroll of identify for 58 gold pieces
  6512 | Orc:2    | Bought a dark potion for 26 gold pieces
  6512 | Orc:2    | Bought a scroll of identify for 58 gold pieces
  6518 | Orc:2    | Bought a scroll of identify for 32 gold pieces
  6518 | Orc:2    | Bought a scroll of teleportation for 48 gold pieces
  6518 | Orc:2    | Bought a scroll of amnesia for 56 gold pieces
  6518 | Orc:2    | Bought a scroll of amnesia for 56 gold pieces
  6518 | Orc:2    | Bought a scroll of identify for 32 gold pieces
  6518 | Orc:2    | Bought a scroll of identify for 32 gold pieces
  6518 | Orc:2    | Bought a scroll of magic mapping for 56 gold pieces
  6518 | Orc:2    | Bought a scroll of teleportation for 48 gold pieces
  6518 | Orc:2    | Bought a scroll of identify for 32 gold pieces
  6560 | Elf:1    | Entered Level 1 of the Elven Halls
  6662 | Elf:1    | Found Ukul's Gadget Emporium.
  6737 | Elf:1    | Reached XP level 13. HP: 98/111 MP: 18/26
  6879 | Elf:2    | Learned a level 4 spell: Ice Form
  6890 | Elf:2    | Found a frozen archway.
  6912 | IceCv    | Entered an ice cave
  7063 | IceCv    | Noticed an Ice Fiend
  7069 | IceCv    | HP: 2/113 [Ice Fiend (12)]
  7069 | IceCv    | Annihilated by an Ice Fiend

Skill      XL: |  1  2  3  4  5  6  7  8  9 10 11 12 |
---------------+-------------------------------------+-----
Unarmed Combat | 3 4 5 6 8 9 11 | 11.7
Spellcasting   | 2 3 4 6 |  6.1
Transmutations | 2 3 4 5 6 9 |  9.2
Fighting       | 5 8 9 |  9.8
Translocations | 2 3 |  3.8
Necromancy     | 1 |  1.6
Dodging        | 5 8 10 | 10.9

Action                   |  1- 3 |  4- 6 |  7- 9 | 10-12 | 13-15 || total
-------------------------+-------+-------+-------+-------+-------++-------
Melee: Unarmed           |   108 |   151 |   117 |   530 |    52 ||   958
       Kick              |    13 |       |     1 |    67 |       ||    81
       Punch             |       |       |     1 |    22 |     4 ||    27
 Cast: Beastly Appendage |    20 |       |       |       |       ||    20
       Sticks to Snakes  |    16 |     6 |    15 |    33 |    13 ||    83
       Spider Form       |     2 |    23 |    13 |     1 |       ||    39
       Blade Hands       |       |       |       |    50 |     5 ||    55
       Apportation       |       |       |       |    47 |     8 ||    55
       Passwall          |       |       |       |    25 |     4 ||    29
       Animate Skeleton  |       |       |       |    30 |       ||    30
 Abil: End Transformatio |       |       |       |     2 |       ||     2
Evoke: Wand              |       |       |       |     9 |     2 ||    11
  Use: Scroll            |       |       |     8 |    29 |     3 ||    40
       Potion            |       |       |     2 |     2 |       ||     4
 Stab: Sleeping          |     1 |     3 |     1 |     4 |       ||     9
       Distracted        |     1 |       |     3 |     6 |     1 ||    11
  Eat: Chunk             |     2 |     7 |     6 |    16 |       ||    31
       Fruit             |       |       |       |     5 |       ||     5
       Bread ration      |       |       |       |     2 |       ||     2
       Royal jelly       |       |       |       |       |     1 ||     1
Armor: Robe              |    31 |     2 |       |       |       ||    33
       Skin              |       |     4 |     3 |       |       ||     7
       Steam dragon scal |       |       |       |    85 |       ||    85
       Troll leather arm |       |       |       |    22 |    10 ||    32
Dodge: Dodged            |    71 |   120 |    84 |   395 |    26 ||   696

Table legend:
 A = Turns spent in this place as a percentage of turns spent in the entire game.
 B = Non-inter-level travel turns spent in this place as a percentage of non-inter-level travel turns spent in the entire game.
 C = Inter-level travel turns spent in this place as a percentage of turns spent in this place.
 D = Turns resting spent in this place as a percentage of non-inter-level travel turns spent in this place.
 E = Turns spent auto-exploring this place as a percentage of non-inter-level travel turns spent in this place.
 F = Non-inter-level travel turns spent in this place divided by the number of levels of this place that you've seen.
                   A       B       C       D       E      F
               +-------+-------+-------+-------+-------+----------------------
         Total | 100.0 | 100.0 |   0.1 |   0.0 |   0.0 | 391.0
       Dungeon |  73.9 |  73.9 |   0.1 |   0.0 |   0.0 | 400.2
  Orcish Mines |  18.7 |  18.6 |   0.4 |   0.0 |   0.0 | 656.0
   Elven Halls |   5.2 |   5.2 |   0.0 |   0.0 |   0.0 | 181.5
      Ice Cave |   2.3 |   2.3 |   0.0 |   0.0 |   0.0 | 161.0
               +-------+-------+-------+-------+-------+----------------------

Table legend:
 A = Kills in this place as a percentage of kills in entire the game.
 B = Kills by you in this place as a percentage of kills by you in the entire game.
 C = Kills by friends in this place as a percentage of kills by friends in the entire game.
 D = Other kills in this place as a percentage of other kills in the entire game.
 E = Experience gained in this place as a percentage of experience gained in the entire game.
 F = Experience gained in this place divided by the number of levels of this place that you have seen.
                   A       B       C       D       E      F
               +-------+-------+-------+-------+-------+----------------------
         Total | 100.0 | 100.0 | 100.0 | 100.0 | 100.0 | 2623.6
       Dungeon |  69.3 |  71.2 |  52.6 |   0.0 |  41.3 | 1502.0
  Orcish Mines |  25.4 |  23.7 |  42.1 |   0.0 |  37.2 | 8791.0
   Elven Halls |   3.8 |   3.6 |   2.6 | 100.0 |  17.2 | 4065.5
      Ice Cave |   1.5 |   1.4 |   2.6 |   0.0 |   4.2 | 1986.0
               +-------+-------+-------+-------+-------+----------------------

Vault maps used:
D:1:      dpeg_arrival_long_road, minmay_close_crescents
D:3:      uniq_terence, uniq_crazy_yiuf_cottage, uniq_jessica
D:4:      first_bread, uniq_ijyb
D:5:      xom_teletrap_fun, minmay_temple_entry_fiery, kennysheep_nondescript,
          hex_intersection, hangedman_abyss_or_decor_lesser_grid
D:6:      uniq_menkaure
D:7:      gammafunk_temple_overflow_statue
D:8:      serial_shops, shop, uniq_maurice
D:9:      uniq_pikel
D:11:     hangedman_fish_farm
D:12:     erik_orc_3, serial_shops, shop, nicolae_shop_statue_plus,
          kennysheep_mini_moat, shop, nicolae_shop_trees, dk_noncrumbling_2
D:13:     grunt_vaults_entry_fortified, serial_shops, shop, uniq_urug
Orc:1:    uniq_nergalle
Orc:2:    st_orc_rangers
Elf:1:    serial_shops, shop, minmay_elf_sorcery
Elf:2:    serial_shops, nicolae_shop_trees,
          portal_ice_cave_entry_ice_statue_one, basic_altar, uniq_jorgrun,
          uniq_asterion
IceCv:    ice_cave_tombish
